 Dungeon Crawl Stone Soup version 0.24.0-13-gcf9b319 (webtiles) character file.

Game seed: 10683444222127987483, levelgen mode: deterministic

36 Fortress the Grave Robber (level 3, -2/24 HPs)
             Began as a Demonspawn Necromancer on Jan 14, 2020.
             Slain by a worker ant (3 damage)
             ... on level 4 of the Dungeon.
             The game lasted 00:05:16 (1229 turns).

Fortress the Grave Robber (Demonspawn Necromancer)  Turns: 1229, Time: 00:05:16

Health: -2/24      AC:  6    Str:  8    XL:     3   Next: 19%
Magic:  4/6        EV: 12    Int: 17    God:
Gold:   27         SH:  0    Dex: 13    Spells: 5/6 levels left

rFire    . . .     SeeInvis .   k - +0 spear
rCold    . . .     Gourm    .   (no shield)
rNeg     . . .     Faith    .   a - +0 robe
rPois    .         Spirit   .   (no helmet)
rElec    .         Reflect  .   b - +0 cloak
rCorr    .         Harm     +   j - +1 pair of gloves {archery}
MR       .....                  l - +0 pair of boots
Stlth    ++........             i - amulet of harm
HPRegen  0.08/turn              (no ring)
MPRegen  0.10/turn              (no ring)

@: no status effects
A: sturdy frame 1
a: no special abilities


You were on level 4 of the Dungeon.
You were not hungry.

You visited 1 branch of the dungeon, and saw 3 of its levels.

You collected 27 gold pieces.

Inventory:

Hand Weapons
 k - a +0 spear (weapon)
Armour
 a - a +0 robe (worn)
 b - a +0 cloak (worn)
 j - a +1 pair of gloves of archery (worn)
 l - a +0 pair of boots (worn)
Jewellery
 i - an amulet of harm (around neck)
Scrolls
 d - 3 scrolls of identify {unknown}
 f - a scroll of enchant armour {unknown}
 h - a scroll of teleportation {unknown}
Potions
 e - a potion of heal wounds {unknown}
 g - a potion of brilliance {unknown}
Comestibles
 c - 3 rations


   Skills:
 + Level 1.9 Dodging
 + Level 1.9 Stealth
 + Level 2.3 Spellcasting
 + Level 5.2 Necromancy


You had 5 spell levels left.
You knew the following spells:

 Your Spells              Type           Power        Failure   Level  Hunger
a - Pain                  Necr           ###.         2%          1    #......

Your spell library contained the following spells:

 Spells                   Type           Power        Failure   Level  Hunger
 Animate Skeleton         Necr           N/A          2%          1    #......
 Vampiric Draining        Necr           ###.......   6%          3    ###....
 Regeneration             Chrm/Necr      ##........   19%         3    ###....
 Animate Dead             Necr           N/A          22%         4    #####..


Dungeon Overview and Level Annotations

Branches:
Dungeon (2/15)

Altars:

Annotations:
D:4 Grinder


Innate Abilities, Weirdness & Mutations

Your movements are slightly less encumbered by armour. (ER -2)


Message History

You hear a shout! x2; You hear an angry hiss.
An ogre comes into view. It is wielding a +0 giant club.
You see here a ration.
A worker ant comes into view.
The hound bites you but does no damage.
The howler monkey hits you but does no damage.
A centaur and Grinder come into view.
Grinder shouts!
The centaur shouts!
You hear a bark!
The centaur wields a cursed -2 shortbow.
The centaur shoots an arrow.
The arrow misses you.
Grinder says, "Tell me all your secrets, or I'll kill you."
The worker ant closely misses you. The hound closely misses you.
The centaur shoots an arrow.
The arrow hits you!
* * * LOW HITPOINT WARNING * * *
You see here 2 arrows.
The hound bites you but does no damage.
The centaur shoots an arrow.
The arrow hits you.
* * * LOW HITPOINT WARNING * * *
The worker ant bites you.
You die...

...... ...## ..
#......5.. ###
##.##...)##..##..# .
......a...#......## .
.....O...#.(.....# #.
#...............# ##.#
#.......(.......#
##...##.......hh....##
.............oa@.#..#
#.......o.##.#...c..
##......#.##.#..#...
##...#.##.##.. ## .
#....#..#.##... ##.
####(##......##.### #..
...........#.....###.#
........#######......#
.........##.#........#..


You could see Grinder, an ogre, a centaur, a howler monkey, a hound, 2 worker
ants and 2 orcs.

Vanquished Creatures
  An ooze (D:1)
  A dart slug (D:1)
  4 leopard geckos
  An orc (D:4)
  A giant cockroach (D:1)
  2 goblins
  3 hobgoblins (D:1)
  2 bats
  2 frilled lizards
  6 kobolds
  3 rats
26 creatures vanquished.

Notes
Turn   | Place    | Note
-------+----------+-------------------------------------------
     0 | D:1      | Fortress the Demonspawn Necromancer began the quest for the
                  | Orb.
     0 | D:1      | Reached XP level 1. HP: 13/13 MP: 3/3
   144 | D:1      | Gained mutation: Your movements are slightly less
                  | encumbered by armour. (ER -2) [demonic ancestry]
   144 | D:1      | Reached XP level 2. HP: 17/19 MP: 3/5
   626 | D:1      | Reached skill level 5 in Necromancy
   993 | D:2      | Reached XP level 3. HP: 20/24 MP: 0/6
  1197 | D:2      | You fall into a shaft and drop 2 floors!
  1224 | D:4      | Noticed an ogre
  1227 | D:4      | Noticed Grinder
  1227 | D:4      | Noticed a centaur
  1229 | D:4      | HP: 1/24 [centaur/arrow (4)]
  1229 | D:4      | Slain by a worker ant

Levels and vault maps discovered:
D:1:      minmay_arrival_radiant_lines, layout_basic
D:2:      layout_basic
D:4:      layout_cave_pools, minmay_temple_entry_water_ring, minmay_distorted,
          uniq_eustachio, uniq_grinder, uniq_menkaure

Skill      XL: |  1  2 |
---------------+-------+-----
Necromancy     | 5 |  5.2
Dodging        | |  1.9
Stealth        | |  1.9
Spellcasting   | |  2.3

Action                   || total
-------------------------++-------
Melee: Spear             ||     9
 Cast: Pain              ||    41
  Eat: Chunk             ||     1
Armor: Robe              ||     9
Dodge: Dodged            ||    13
